 Dungeon Crawl Stone Soup version 0.18.1-48-g4cf74bf (webtiles) character file.

577 GFox the Skirmisher (level 7, -5/67 HPs)
             Began as a Minotaur Wanderer on July 25, 2016.
             Slain by an ogre
             ... wielding a +0 giant club
              (16 damage)
             ... on level 5 of the Dungeon on July 26, 2016.
             The game lasted 00:30:10 (3766 turns).

GFox the Skirmisher (Minotaur Wanderer)             Turns: 3766, Time: 00:30:11

Health: -5/67      AC:  9    Str: 19    XL:     7   Next: 13%
Magic:  6/6        EV: 10    Int: 10    God:
Gold:   276        SH:  0    Dex:  8    Spells: 0 memorised, 6 levels left

rFire  . . .     SeeInvis .     a - +2 quarterstaff
rCold  . . .     Gourm    .     j - +0 scale mail
rNeg   . . .     Faith    .     (shield currently unavailable)
rPois  .         Spirit   .     w - +1 hat {MR+}
rElec  .         Dismiss  .     (no cloak)
rCorr  +         Reflect  .     l - +0 pair of gloves
SustAt +         Harm     +     (no boots)
MR     +....                    k - amulet of harm
Stlth  ..........               u - ring of resist corrosion
                                g - ring of sustain attributes

@: lethally poisoned (-5 -> -9), somewhat resistant to hostile enchantments,
extremely unstealthy
A: retaliatory headbutt, horns 2
a: no special abilities


You were on level 5 of the Dungeon.
You were not hungry.

You visited 1 branch of the dungeon, and saw 5 of its levels.

You collected 276 gold pieces.

Inventory:

Hand Weapons
 a - a +2 quarterstaff (weapon)
Armour
 j - a +0 scale mail (worn)
 l - a +0 pair of gloves (worn)
 w - a +1 hat of magic resistance (worn)
Jewellery
 g - a ring of sustain attributes (left hand)
 k - an amulet of harm (around neck)
 u - a ring of resist corrosion (right hand)
Wands
 m - a wand of heal wounds (1/9)
Scrolls
 b - 2 scrolls of teleportation
 n - a scroll of remove curse
 q - a scroll of enchant weapon
 r - a scroll of magic mapping
 s - a scroll of amnesia
 t - a scroll of recharging
 x - a scroll of fog {unknown}
 y - a scroll of random uselessness {unknown}
 C - a scroll of identify
Potions
 e - a potion of berserk rage {unknown}
 f - a potion of ambrosia {unknown}
 h - 2 potions of curing
 p - 3 potions of cancellation
 v - 2 potions of might {unknown}
 z - a potion of lignification {unknown}
 A - a potion of haste {unknown}
Books
 o - a book of the Earth

   Spells                             Type                      Level
   a - Leda's Liquefaction            Hexes/Earth                  4
   b - Bolt of Magma                  Conjuration/Fire/Earth       5
   c - Statue Form                    Transmutation/Earth          6
   d - Iron Shot                      Conjuration/Earth            6
   e - Shatter                        Earth                        9
Comestibles
 d - 7 bread rations
 i - a slice of pizza
 B - 2 chunks of flesh


   Skills:
 + Level 7.7 Fighting
 + Level 4.8 Staves
 + Level 3.6 Armour
 + Level 3.8 Dodging
 + Level 2.1 Stealth
   Level 1.2 Shields
 + Level 1.0 Evocations


You had 6 spell levels left.
You didn't know any spells.

Dungeon Overview and Level Annotations

Branches:
Dungeon (5/15)
 Temple: D:4-7

Altars:
Cheibriados
Elyvilon
Ru
Trog


Innate Abilities, Weirdness & Mutations

You reflexively headbutt those who attack you in melee.
You have a pair of horns on your head.


Message History

The ogre hits you with a giant club. The gnoll closely misses you.
You hit the ogre.
The ogre is moderately wounded.
You feel sick. The ogre closely misses you.
You hit the ogre.
The ogre is severely wounded.
The gnoll sergeant hits you from afar with a spear of venom.
You hit the ogre.
The ogre is severely wounded.
The ogre hits you with a giant club!
* * * LOW HITPOINT WARNING * * *
The gnoll sergeant hits you from afar with a spear of venom.
* * * LOW HITPOINT WARNING * * *
You are lethally poisoned!
Drink which item? (? for menu, Esc to quit)
You feel better.
The gnoll sergeant hits you but does no damage.
You are poisoned.
The ogre hits you with a giant club!
You die...

#. ## ### .. .....
#.# .#.# ... ...
#.###g# #
###.#)gg#.#
#...#O###.###.
..#####.@.........
..............##.
..............##.
..[....##.........
. ...<...
#.######.#.#
....... #.# ##.#.#
####### #.#
###....# #.#
#.....# . #.#
#.....###..


You could see an ogre, a gnoll sergeant and 2 gnolls.

Vanquished Creatures
  Edmund (D:4)
  A phantom (D:4)
  A crimson imp (D:4)
  3 orc priests (D:4)
  An orc wizard (D:4)
  A worker ant (D:4)
  2 gnolls (D:5)
  9 adders
  2 worms (D:2)
  3 dart slugs
  3 giant geckos
  11 orcs
  5 bats (D:2)
  5 giant cockroaches
  8 goblins
  9 hobgoblins
  3 jackals (D:1)
  5 kobolds
  2 quokkas
  2 ball pythons
  2 giant gecko skeletons (D:4)
  4 giant newts
  13 rats
96 creatures vanquished.

Notes
Turn   | Place    | Note
--------------------------------------------------------------
     0 | D:1      | GFox the Minotaur Wanderer began the quest for the Orb.
     0 | D:1      | GFox set off with: a +2 quarterstaff, 2 scrolls of teleportation, a +0 robe, a bread ration
     0 | D:1      | Reached XP level 1. HP: 24/24 MP: 0/0
   127 | D:1      | Reached XP level 2. HP: 31/31 MP: 1/1
   589 | D:1      | Reached XP level 3. HP: 34/38 MP: 2/2
   706 | D:1      | Reached skill level 7 in Fighting
   915 | D:2      | Found a white marble altar of Elyvilon.
   936 | D:2      | Reached skill level 1 in Dodging
  1183 | D:2      | Found a bloodstained altar of Trog.
  1184 | D:2      | Found a sacrificial altar of Ru.
  1410 | D:2      | Reached XP level 4. HP: 47/47 MP: 3/3
  1659 | D:3      | Reached skill level 1 in Armour
  2191 | D:3      | Reached XP level 5. HP: 52/52 MP: 4/4
  2396 | D:4      | Found a snail-covered altar of Cheibriados.
  2833 | D:4      | Noticed a phantom
  2835 | D:4      | Reached XP level 6. HP: 60/60 MP: 5/5
  3244 | D:4      | Noticed Edmund
  3256 | D:4      | Killed Edmund
  3256 | D:4      | Reached XP level 7. HP: 40/66 MP: 6/6
  3718 | D:5      | Entered Level 5 of the Dungeon
  3765 | D:5      | HP: 2/67 [gnoll sergeant/spear of venom (6)]
  3766 | D:5      | Slain by an ogre

Skill      XL: |  1  2  3  4  5  6 |
---------------+-------------------+-----
Fighting       | 7 |  7.7
Dodging        | 1 2 3 |  3.8
Armour         | 1 2 3 |  3.6
Staves         | 3 4 |  4.8
Stealth        | 2 |  2.1
Shields        | |  1.2
Evocations     | |  1.0

Action                   |  1- 3 |  4- 6 |  7- 9 || total
-------------------------+-------+-------+-------++-------
Melee: Quarterstaff      |   103 |   108 |    19 ||   230
       Headbutt          |     8 |    16 |     2 ||    26
  Use: Scroll            |     2 |     9 |       ||    11
       Potion            |     1 |       |     2 ||     3
 Stab: Sleeping          |     1 |       |       ||     1
  Eat: Chunk             |     2 |     4 |       ||     6
       Royal jelly       |       |     1 |       ||     1
       Meat ration       |       |       |     1 ||     1
Armor: Robe              |     4 |       |       ||     4
       Scale mail        |    31 |    11 |     6 ||    48
       Ring mail         |     9 |    31 |       ||    40
Dodge: Dodged            |    54 |    43 |    11 ||   108
